cohdb
Replays
Latest Replays
All Replays
Popular Replays
Top Player Replays
Match Explorer
How It Works
Community
CoH3 Stats
Reddit
Sign in to upload your games and track your stats! →
Sign in with Steam
Match 45183190
Unlisted
Match 45183190
Overview
Messages
Build Orders
End
Kettenkrad Recon Vehicle
Construct Infanterie Kompanie
MG 42 Machine Gun Team
MG 42 Machine Gun Team
GrW 34 Mortar Team
Grenadier Squad
Medical Station
Construct Panzergrenadier Kompanie
Selects Breakthrough Battlegroup
Selects Assault Grenadiers
Selects Breakthrough
Pak 40 Anti-tank Gun Team
Selects Mechanized Assault Group
Mechanized Assault Group
Selects Rapid Production
Construct Panzer Kompanie
Selects Blitzkrieg
Pak 40 Anti-tank Gun Team
Panzer IV Medium Tank
Panzergrenadier Squad
Pak 40 Anti-tank Gun Team
Panzer IV Medium Tank
Grenadier Squad
Side Skirts
Imkey
Max1boy
0
0
Comments
sign in to comment!
No comments posted yet!